 Dungeon Crawl Stone Soup version 0.30-a0-122-g2a1322497e (webtiles) character file.

Game seed: 4592519132674879365

4493 Newt the Slasher (level 10, -2/59 (76) HPs)
             Began as a Demonspawn Gladiator on Sept 16, 2022.
             Was a Believer of Kikubaaqudgha.
             Slain by a wight
             ... wielding a +1 great sword
              (3 damage)
             ... on level 8 of the Dungeon.
             The game lasted 00:16:55 (10848 turns).

Newt the Slasher (Demonspawn Gladiator)            Turns: 10848, Time: 00:16:56

HP:   -2/59 (76)    AC:  8    Str: 18    XL:     10   Next: 16%
MP:   0/25          EV: 12    Int: 16    God:    Kikubaaqudgha [**....]
Gold: 281           SH:  0    Dex: 15    Spells: 13/17 levels left

rFire   . . .      SeeInvis .    a - +6 falchion of the Warrior-Mage {drain, rN+}
rCold   . . .      Faith    .    (no shield)
rNeg    + . .      Spirit   +    m - +0 leather armour
rPois   .          Reflect  .    c - +0 helmet
rElec   .          Harm     .    h - +1 cloak
rCorr   .          Rampage  .    (no gloves)
Will    .....                    (no boots)
Stlth   ++........               s - amulet of the acrobat
HPRegen 0.19/turn                q - +6 ring of intelligence
MPRegen 0.38/turn                p - ring of magical power

@: animating dead, very slightly contaminated, studying Ranged Weapons, heavily
drained
A: hooves 2, molten scales 1, demonic guardian 1, magic shield, magic
regeneration
a: Renounce Religion, Unearth Wretches


You were on level 8 of the Dungeon.
You worshipped Kikubaaqudgha.
Kikubaaqudgha was pleased with you.
You visited 1 branch of the dungeon, and saw 8 of its levels.

You collected 337 gold pieces.
You spent 56 gold pieces at shops.

Inventory:

Hand Weapons
 a - the +6 falchion of the Warrior-Mage (weapon) {drain, rN+}
   (You found it on level 6 of the Dungeon)

   A truly terrible weapon, it drains the life of any living foe it strikes.
   rN:        It protects you from negative energy.
 b - the +1 sling of Destruction {speed, rN+ Int+3}
   (You found it on level 2 of the Dungeon)

   Attacks with this weapon are significantly faster.
   Int:       It affects your intelligence (+3).
   rN:        It protects you from negative energy.
 j - a +0 mace of protection
 B - a +1 rapier of electrocution
Missiles
 f - 3 curare-tipped darts
Armour
 c - a +0 helmet (worn)
 h - a +1 cloak (worn)
 i - a +0 chain mail
 m - a +0 leather armour (worn)
 n - an orb of mayhem
Jewellery
 e - an amulet of regeneration
 g - a ring of protection from fire
 p - a ring of magical power (right hand)
 q - a +6 ring of intelligence (left hand)
 s - an amulet of the acrobat (around neck)
 t - a ring of fire
 u - a ring of ice
Wands
 o - a wand of flame (8)
 C - a wand of paralysis (7)
Scrolls
 d - 2 scrolls of teleportation
 k - a scroll of torment
 l - a scroll of enchant weapon
 y - a scroll of noise
 E - a scroll of vulnerability {unknown}
 G - a scroll of identify
Potions
 w - a potion of lignification
 x - a potion of cancellation
 z - 2 potions of degeneration {unknown}
 A - a potion of berserk rage
 D - a potion of invisibility
 F - a potion of might {unknown}


   Skills:
 - Level 6.0 Fighting
 - Level 2.6(5.0) Short Blades
 - Level 6.7(7.0) Long Blades
 + Level 5.1 Ranged Weapons
 - Level 1.7 Throwing
 - Level 4.0 Armour
 - Level 2.6 Dodging
 - Level 2.0 Stealth
 - Level 4.0 Spellcasting
 - Level 6.0 Necromancy
 - Level 5.0 Evocations


You had 13 spell levels left.
You knew the following spells:

 Your Spells              Type           Power      Damage    Failure   Level
a - Animate Dead          Necr           22%        N/A       17%         4

Your spell library contained the following spells:

 Spells                   Type           Power      Damage    Failure   Level
 Necrotise                Necr           88%        1d8       1%          1
 Cigotuvi's Dreadful Rot  Necr/Pois/Air  18%        N/A       13%         2
 Magic Dart               Conj           12%        1d3       21%         1
 Ensorcelled Hibernation  Hex/Ice        6%         N/A       30%         2
 Passwall                 Tmut/Erth      2%         N/A       30%         2
 Searing Ray              Conj           6%         2d4       30%         2
 Anguish                  Hex/Necr       6%         N/A       50%         4
 Swiftness                Air            3%         N/A       52%         3
 Fulminant Prism          Conj/Hex       1%         3d6       89%         4


Dungeon Overview and Level Annotations

Branches:
Dungeon (8/15)             Temple (0/1) D:4
   Lair: D:8-11

Altars:
Ashenzari
Dithmenos
Fedhas
Kikubaaqudgha
Okawaru
Trog
Vehumet
Yredelemnul

Shops:
D:5 ?


Innate Abilities, Weirdness & Mutations

You have hoof-like feet.
You are partially covered in molten scales. (AC +2)
A weak demonic guardian rushes to your aid.
When hurt, damage is shared between your health and your magic reserves.
You regenerate magic rapidly.


Message History

You partially resist.
You feel drained.
The wight barely misses your kobold brigand zombie.
The wight hits your centaur zombie with a +4 hand axe.
The wight completely misses you.
The wight hits you with a +1 great sword.
* * * LOW HITPOINT WARNING * * *
You partially resist.
You feel drained.
Your white imp gestures at the wight.
The puff of frost hits the wight.
The wight completely resists.
Your Ranged Weapons skill increases to level 5!
You feel better.
Your shadow imp barely misses the wight.
The wight misses you.
The wight hits your kobold brigand zombie with a +4 hand axe.
The wight hits your centaur zombie with a +4 hand axe.
Your kobold brigand zombie closely misses the wight.
The wight hits you with a +0 flail.
* * * LOW HITPOINT WARNING * * *
A demonic guardian appears!
You partially resist.
You feel drained.
Your centaur zombie hits the wight.
Your centaur zombie closely misses the wight.
The wight barely misses you.
Unknown command.
You feel better.
Your shadow imp closely misses the wight.
The wight hits you with a +4 hand axe!
* * * LOW HITPOINT WARNING * * *
The wight hits your kobold brigand zombie with a +4 hand axe!
The wight hits your centaur zombie with a +4 hand axe!
The wight completely misses your quasit.
Your centaur zombie hits the wight but does no damage.
Your centaur zombie kicks the wight but does no damage.
The wight closely misses you.
Your kobold brigand zombie barely misses the wight.
Your quasit bites the wight but does no damage.
Your quasit barely misses the wight.
Your quasit claws the wight but does no damage.
The wight hits you with a +1 great sword.
You die...
Kikubaaqudgha rasps: "You have failed me!
Welcome... death!"

..........~# .~.......
.#........~# .#~.....##
..........~#####≈.......
...#......~~~~≈~~.....##
.. #..#..z..............
...#..#.................
............)...###.
...........)........
...##.#..#Zz@5.####. >..
#.#..#.zz5.###
.....#5.Z......
......#.....#....
.##....#..........
.....#....##.##.
##...##.........
.......... #..####.#


You could see 4 wights, a friendly quasit (summoned), a friendly white imp
(summoned), a friendly shadow imp (summoned), a friendly kobold brigand zombie
and a friendly centaur zombie.

Vanquished Creatures
  A two-headed ogre (D:7)
  Pikel (D:7)
  A manticore (D:7)
  Maggie (D:6)
  Prince Ribbit (D:6)
  4 steam dragons (D:6)
  Menkaure (D:7)
  A water moccasin (D:8)
  A black bear (D:7)
  A sky beast (D:5)
  2 centaurs
  A phantom (D:7)
  A bullfrog (D:7)
  A necrophage (D:5)
  A scorpion (D:6)
  A wight (D:7)
  5 howler monkeys
  2 quasits (D:7)
  3 jellies
  A centaur skeleton (D:4)
  3 hounds
  A bullfrog skeleton (D:4)
  3 iguanas (D:5)
  Ijyb (D:4)
  Robin (D:2)
  12 gnolls
  2 adders
  5 shadow imps
  A white imp (D:7)
  4 ufetubi
  5 dart slugs
  7 orcs
  2 bats (D:1)
  7 endoplasms
  2 giant cockroaches
  17 goblins
  7 hobgoblins
  2 jackals (D:4)
  2 quokkas
  5 ball pythons
  7 kobolds
  A quokka zombie (D:5)
  7 rats
  A rat zombie (D:5)
136 creatures vanquished.

Vanquished Creatures (collateral kills)
  Joseph (D:7)
  A troll (D:7)
  Edmund (D:4)
  The ghost of osoart the Ducker, an amateur DsGl (D:4)
  A howler monkey (D:8)
  A gnoll bouda (D:4)
  An iguana (D:7)
  An orc (D:7)
  A goblin (D:8)
9 creatures vanquished.

Vanquished Creatures (others)
  A hornet (D:7)
  An ogre (D:7)
  2 kobold brigands (D:8)
  An orc wizard (D:6)
  A hound zombie (D:6)
  A howler monkey zombie (D:8)
  A steam dragon zombie (D:6)
  2 jelly zombies (D:6)
  2 goblin zombies (D:8)
  2 orc zombies
  2 demonic plants (D:7)
  16 plants
32 creatures vanquished.

Grand Total: 177 creatures vanquished

Notes
Turn   | Place    | Note
-------+----------+-------------------------------------------
     0 | D:1      | Newt the Demonspawn Gladiator began the quest for the Orb.
     0 | D:1      | Reached XP level 1. HP: 16/16 MP: 1/1
   140 | D:1      | Reached skill level 1 in Stealth
   522 | D:1      | Gained mutation: You are partially covered in molten
                  | scales. (AC +2) [demonic ancestry]
   522 | D:1      | Reached XP level 2. HP: 22/22 MP: 2/2
   653 | D:1      | Found a faded altar of an unknown god.
   898 | D:1      | Prayed at the altar of an unknown god.
   898 | D:1      | Became a worshipper of Kikubaaqudgha
   898 | D:1      | Reached * piety under Kikubaaqudgha
   898 | D:1      | Received a gift from Kikubaaqudgha
  1338 | D:2      | Gained mutation: You have large cloven feet. [demonic
                  | ancestry]
  1338 | D:2      | Reached XP level 3. HP: 28/28 MP: 3/3
  1419 | D:2      | Identified the +1 sling of Destruction {speed, rN+ Int+3}
  1550 | D:2      | You fall into a shaft and drop 1 floor!
  2328 | D:2      | Noticed Robin
  2362 | D:2      | Killed Robin
  2363 | D:2      | Gained mutation: A weak demonic guardian rushes to your
                  | aid. [demonic ancestry]
  2363 | D:2      | Reached XP level 4. HP: 37/37 MP: 4/4
  2756 | D:2      | Reached ** piety under Kikubaaqudgha
  2973 | D:4      | Found a staircase to the Ecumenical Temple.
  3029 | D:4      | Noticed Edmund
  3067 | D:4      | Killed Edmund
  3068 | D:4      | Reached XP level 5. HP: 10/42 MP: 5/5
  3590 | D:4      | Found a runed translucent gate.
  3592 | D:4      | Found a runed translucent gate.
  3595 | D:4      | Found a runed translucent gate.
  3604 | D:4      | Noticed Ijyb
  3633 | D:4      | Killed Ijyb
  3885 | D:4      | Found a shadowy altar of Dithmenos.
  4482 | D:4      | Noticed osoart's ghost (amateur DsGl)
  4517 | D:4      | Gained mutation: You regenerate magic rapidly. [demonic
                  | ancestry]
  4517 | D:4      | Reached XP level 6. HP: 9/48 MP: 6/6
  4567 | D:4      | Killed osoart's ghost
  5438 | D:5      | Entered Level 5 of the Dungeon
  5898 | D:5      | Gained mutation: When hurt, damage is shared between your
                  | health and your magic reserves. [demonic ancestry]
  5898 | D:5      | Reached XP level 7. HP: 54/54 MP: 7/7
  5928 | D:5      | Reached skill level 1 in Spellcasting
  6123 | D:5      | Found Jouw's Magic Scroll Shoppe.
  6131 | D:5      | Bought a scroll of identify for 28 gold pieces
  6131 | D:5      | Bought a scroll of identify for 28 gold pieces
  6146 | D:5      | Found an iron altar of Okawaru.
  6887 | D:5      | Found a bloodstained altar of Trog.
  7046 | D:6      | Noticed a steam dragon
  7067 | D:5      | Learned a level 4 spell: Animate Dead
  7148 | D:6      | Identified the +6 falchion of the Warrior-Mage {drain, rN+}
  7179 | D:6      | Noticed a steam dragon
  7197 | D:6      | Noticed Prince Ribbit
  7206 | D:6      | Killed a steam dragon
  7207 | D:6      | Reached skill level 5 in Necromancy
  7207 | D:6      | Gained mutation: You have hoof-like feet. [demonic
                  | ancestry]
  7207 | D:6      | Reached XP level 8. HP: 17/60 MP: 9/14
  7219 | D:6      | Killed Prince Ribbit
  7569 | D:6      | Noticed Maggie
  7583 | D:6      | Paralysed by Maggie for 3 turns
  7588 | D:6      | Killed Maggie
  7597 | D:6      | Reached skill level 1 in Armour
  8189 | D:6      | Reached XP level 9. HP: 23/65 MP: 11/15
  8714 | D:7      | Noticed Pikel
  8726 | D:7      | Killed Pikel
  8984 | D:7      | Noticed Menkaure
  8992 | D:7      | Killed Menkaure
  9227 | D:7      | Noticed Joseph
  9240 | D:7      | Killed Joseph
  9241 | D:7      | Reached skill level 5 in Fighting
  9580 | D:7      | Reached skill level 1 in Evocations
  9734 | D:7      | Noticed a manticore
  9748 | D:7      | Killed a manticore
  9794 | D:7      | Noticed a troll
  9801 | D:7      | Reached XP level 10. HP: 48/76 MP: 16/16
 10028 | D:7      | Found a blossoming altar of Fedhas.
 10028 | D:7      | Found a basalt altar of Yredelemnul.
 10036 | D:7      | Found a faded altar of an unknown god.
 10038 | D:7      | Found a radiant altar of Vehumet.
 10040 | D:7      | Found a broken altar of Ashenzari.
 10295 | D:8      | Reached skill level 5 in Evocations
 10334 | D:8      | HP: 3/70 [centaur/arrow (2)]
 10846 | D:8      | HP: 1/61 [wight/+1 great sword (4)]
 10847 | D:8      | Reached skill level 5 in Ranged Weapons
 10848 | D:8      | Slain by a wight

Illustrated notes

Levels and vault maps discovered:
D:1:      roderic_crop_circles_arrival_small, layout_loops_ring,
          shapermc_ecumenical_altar_pompeii
D:2:      layout_basic, basic_altar, serial_co_window_serial,
          co_window_corner_a, co_window_corner_a, co_window_of_opportunity_a,
          co_window_paths_a, co_window_paths_a, co_window_cross_1,
          co_window_corner_a, co_window_cross_4, co_window_cross_4,
          co_window_corner_b, co_window_broadway_c, co_window_paths_c,
          co_window_corner_cb, uniq_robin
D:3:      layout_loops_ring
D:4:      layout_layer_cave, mainiacjoe_overflow_cross_hatched,
          temple_fountains, gammafunk_ghost_necromancy, uniq_edmund, uniq_ijyb
D:5:      layout_loops_ring, mainiacjoe_overflow_brackets,
          okawaru_ov_weapons_minmay, serial_shops, shop, enter_ossuary_4,
          eino_small_chamber_without_monster, chequers_big_river,
          minmay_misc_feat_hallway
D:6:      layout_loops_ring, uniq_prince_ribbit1, uniq_maggie
D:7:      layout_loops_corners, chequers_temple_overflow_minitemple,
          serial_demonic, serial_demonic_d, serial_demonic_c, serial_demonic_f,
          serial_demonic_d, minmay_manual_moon, uniq_joseph, uniq_menkaure,
          uniq_pikel
D:8:      layout_basic, mainiacjoe_overflow_six_doors_small, enter_bailey_3,
          serial_shops, shop

Skill      XL: |  1  2  3  4  5  6  7  8  9 10 |
---------------+-------------------------------+-----
Stealth        | 1 2 |  2.0
Fighting       | 3 4 6 |  6.0
Ranged Weapons | 3 4 5 |  5.1
Necromancy     | 4 5 6 |  6.0
Spellcasting   | 4 |  4.0
Long Blades    | 4 6 |  6.7
Armour         | 3 4 |  4.0
Evocations     | 4 5 |  5.0
Short Blades   | |  2.6
Throwing       | |  1.7
Dodging        | |  2.6

Action                   |  1- 3 |  4- 6 |  7- 9 | 10-12 || total
-------------------------+-------+-------+-------+-------++-------
Melee: Rapier            |    26 |       |       |       ||    26
       Mace              |    65 |       |       |       ||    65
       Kick              |     2 |       |    31 |     7 ||    40
       Falchion          |       |       |   124 |    48 ||   172
       Punch             |       |       |     2 |       ||     2
 Fire: Sling             |    48 |   201 |   221 |       ||   470
Throw: Throwing net      |       |     5 |       |       ||     5
       Javelin           |       |     1 |     1 |       ||     2
 Cast: Animate Dead      |       |       |     4 |     2 ||     6
Invok: Unearth Wretches  |       |       |     3 |     1 ||     4
Evoke: Wand              |       |     4 |       |       ||     4
  Use: Scroll            |     4 |     4 |     9 |       ||    17
       Potion            |       |     6 |     2 |     3 ||    11
 Stab: Sleeping          |     3 |       |     2 |     1 ||     6
       Paralysed         |       |       |     3 |       ||     3
       Distracted        |       |       |       |     1 ||     1
Armor: Leather armour    |    42 |    26 |    91 |    36 ||   195
Dodge: Dodged            |    73 |    41 |   194 |   115 ||   423

Table legend: (Time is in decaauts)
 A = Elapsed time spent in this place.
 B = Non-inter-level travel time spent in this place.
 C = Inter-level travel time spent in this place.
 D = Time resting spent in this place.
 E = Time spent auto-exploring this place.
 F = Levels seen in this place.
 G = Mean time per level.
                   A        B        C        D        E       F      G
               +--------+--------+--------+--------+--------+-----+--------+
         Total |  10774 |  10442 |    332 |   2696 |   6281 |   8 | 1346.8 |
       Dungeon |  10774 |  10442 |    332 |   2696 |   6281 |   8 | 1346.8 |
               +--------+--------+--------+--------+--------+-----+--------+

Top non-repeatable levels by time:
     D:4: 2745 daAuts
     D:7: 2110 daAuts
     D:6: 1538 daAuts
     D:5: 1304 daAuts
     D:2: 1144 daAuts
     D:1: 1102 daAuts
     D:3: 743 daAuts
     D:8: 85 daAuts
